AoeStats
← Tavik

Marketplace

504537752Analyzed
1v1 RM · 26d ago on Sep 5, 2026· 25m 24s· 2 players
Game mode
Random Map
Map size
Tiny (2 player)
Population
200
Speed
Normal
Resources
Standard
Victory
Conquest
Starting age
Dark Age
Ending age
Imperial Age
RankedLock teamsTeams togetherTeam positionsShared explorationLock speedFull tech treeHidden civsTurbo modeCheats
Victory
Defeat
🇲🇽 Vikings · Mexico
1383
+17
🇨🇿 Sicilians · Czechia
1403
-17
NecroSorcererII
7:22 Loom
10:39 Feudal Age
11:27 Double-Bit Axe
14:19 Fletching
26:00 Castle Age
25:12 Padded Archer Armor
Tavik
6:25 Loom
9:22 Feudal Age
13:23 Horse Collar
13:34 Double-Bit Axe
Connection lost

Rejoining the realm…

Still unreachable

The connection could not be restored.

Session expired

The server has moved on; the page needs a fresh start.